 Dungeon Crawl Stone Soup version 0.25-a0-292-gaa31f046c4 (webtiles) character file.

Game seed: 387828543770342514, levelgen mode: classic

52 Borgoz the Cutter (level 4, 0/29 HPs)
             Began as a Kobold Monk on Dec 15, 2019.
             Slain by a centaur (1 damage)
             ... on level 2 of the Dungeon.
             The game lasted 00:02:07 (1276 turns).

Borgoz the Cutter (Kobold Monk)                     Turns: 1276, Time: 00:02:08

Health: 0/29       AC:  3    Str:  7 (9)  XL:     4   Next: 8%
Magic:  4/4        EV: 17    Int:  8 (11) God:
Gold:   71         SH:  2    Dex: 15 (17) Spells: 3/3 levels left

rFire    . . .     SeeInvis +   b - +0 dagger (venom)
rCold    . . .     Gourm    .   (shield restricted)
rNeg     . . .     Faith    .   q - +0 robe
rPois    .         Spirit   .   (no helmet)
rElec    .         Reflect  +   j - +0 cloak
rCorr    .         Harm     .   (no gloves)
MR       .....                  (no boots)
Stlth    ++........             p - +2 amulet of reflection
HPRegen  0.09/turn              d - ring of see invisible
MPRegen  0.09/turn              (no ring)

@: hasted, very quick
A: small, carnivore
a: no special abilities


You were on level 2 of the Dungeon.
You were completely stuffed.

You visited 1 branch of the dungeon, and saw 2 of its levels.

You collected 71 gold pieces.

Inventory:

Hand Weapons
 a - a +1 dagger of speed
 b - a +0 dagger of venom (weapon)
 i - a +0 short sword
Armour
 j - a +0 cloak (worn)
 q - a +0 robe (worn)
Jewellery
 d - a ring of see invisible (left hand)
 p - a +2 amulet of reflection (around neck)
Scrolls
 f - 2 scrolls of identify {unknown}
 g - a scroll of amnesia {unknown}
 k - a scroll of enchant weapon {unknown}
 n - a scroll of enchant armour {unknown}
 r - a scroll of teleportation {unknown}
Comestibles
 c - 2 rations
 h - 8 chunks of flesh


   Skills:
 + Level 3.8 Fighting
 + Level 4.6 Short Blades
 + Level 1.1 Armour
 + Level 4.2 Dodging
 - Level 2.6 Stealth


You had 3 spell levels left.
You didn't know any spells.
Your spell library was empty.

Dungeon Overview and Level Annotations

Branches:
Dungeon (2/15)

Altars:
Gozag


Innate Abilities, Weirdness & Mutations

You are small and have problems with some larger weapons.
You are carnivorous and can eat meat at any time.


Message History

The centaur is lightly wounded.
The centaur hits you!
* * * LOW HITPOINT WARNING * * *
You hit the centaur but do no damage.
The centaur looks as sick as possible!
The centaur is lightly wounded.
The centaur closely misses you.
Unknown command.
It was a potion of degeneration.
There was something very wrong with that liquid.
You feel weakened.
You feel dopey.
You feel clumsy.
It was a potion of magic.
Magic courses through your body. The centaur barely misses you.
You aren't carrying any potions.
You barely miss the centaur.
The centaur is lightly wounded.
The centaur misses you.
You hit the centaur but do no damage.
The centaur looks as sick as possible!
The centaur is lightly wounded.
The centaur hits you.
You die...

#.# ###.##...## #.#
#.###.## ..## #.#
#.#####.# .#.## #.#
#.......#
.##.#####.#
###.#####
.###...##.# #.#
<##.##.##.# #.##
.#.###.##.# #)c#
..## #...># ###@###
.## ####.####..(..##
# .#
#...#.8...8.###.##
.#
#.#.#.......#.....
.# #.#....._.....#
.# #.###.......###
.#
######.###.8...8.#
.#
#........##.....##
.###.####.######.###


You could see a centaur.

Vanquished Creatures
  An adder (D:2)
  An ooze (D:1)
  A worm (D:2)
  A leopard gecko (D:1)
  2 giant cockroaches (D:1)
  5 goblins
  3 hobgoblins (D:1)
  3 jackals (D:1)
  A ball python (D:2)
  6 bats
  3 frilled lizards
  3 kobolds (D:1)
  3 rats
33 creatures vanquished.

Notes
Turn   | Place    | Note
-------+----------+-------------------------------------------
     0 | D:1      | Borgoz the Kobold Monk began the quest for the Orb.
     0 | D:1      | Reached XP level 1. HP: 14/14 MP: 1/1
    40 | D:1      | Reached XP level 2. HP: 6/19 MP: 2/2
   768 | D:1      | Reached XP level 3. HP: 22/23 MP: 3/3
   959 | D:2      | Found an opulent altar of Gozag.
  1153 | D:2      | Reached skill level 1 in Armour
  1206 | D:2      | Reached XP level 4. HP: 26/29 MP: 4/4
  1263 | D:2      | Noticed a centaur
  1271 | D:2      | HP: 1/29 [centaur (13)]
  1276 | D:2      | Slain by a centaur

Levels and vault maps discovered:
D:1:      minmay_arrival_open_corners, layout_loops_ring
D:2:      layout_loops_ring, grunt_gozag_statues

Skill      XL: |  1  2  3 |
---------------+----------+-----
Dodging        | 4 |  4.2
Armour         | 1 |  1.1
Fighting       | |  3.8
Short Blades   | |  4.6
Stealth        | |  2.6

Action                   |  1- 3 |  4- 6 || total
-------------------------+-------+-------++-------
Melee: Short sword       |    68 |       ||    68
       Dagger            |    67 |    11 ||    78
  Use: Potion            |       |     5 ||     5
 Stab: Sleeping          |     6 |     1 ||     7
  Eat: Chunk             |     9 |     1 ||    10
Armor: Robe              |    14 |       ||    14
Dodge: Dodged            |    95 |    12 ||   107
Block: Other             |     6 |       ||     6

Table legend:
 A = Non-vault XP
 B = Vault XP
 C = Vault XP percentage of total XP
 D = Non-vault monster count
 E = Vault monster count
 F = Vault count percentage of total count
                 A         B        C        D         E       F
            +---------+---------+-------+---------+---------+-------
      Total |      75 |       0 |   0.0 |      33 |       0 |   0.0
            +---------+---------+-------+---------+---------+-------
        D:1 |      41 |       0 |   0.0 |      21 |       0 |   0.0
        D:2 |      34 |       0 |   0.0 |      12 |       0 |   0.0
            +---------+---------+-------+---------+---------+-------
